 Dungeon Sprint DCSS version 0.17-a0-1150-g17b0b87 (webtiles) character file.

1269 nuthulu the Grappler (level 8, -2/138 HPs)
             Began as a Troll Berserker on May 27, 2015.
             Was a Priest of Trog.
             Slain by a centaur warrior (5 damage)
             ... in the Dungeon (Sprint I: "Red Sonja").
             The game lasted 00:01:38 (259 turns).

nuthulu the Grappler (Troll Berserker)               Turns: 259, Time: 00:01:38

Health: -2/138     AC:  5    Str: 32    XL:     8   Next: 28%
Magic:  7/7        EV: 13    Int:  3    God:    Trog [***...]
Gold:   312        SH:  0    Dex: 10    Spells: 0 memorised, 7 levels left

rFire  . . .     SeeInvis .       - Unarmed
rCold  . . .     Clarity  .     a - +0 animal skin
rNeg   . . .     SustAt   .     (no shield)
rPois  .         Gourm    +     (helmet restricted)
rElec  .         Spirit   .     (no cloak)
rCorr  .         Warding  .     (gloves unavailable)
rMut   .         NoTele   +     (boots unavailable)
MR     .....                    (no amulet)
Stlth  ..........               (no ring)
                                (no ring)

@: berserking (expiring), very quick, not resistant to hostile enchantments,
extremely unstealthy
A: unfitting armour, claws 3, fast metabolism 3, gourmand, regeneration 2,
shaggy fur 1, tough skin 2
a: Burn Spellbooks, Berserk, Trog's Hand, Renounce Religion


You were in the Dungeon.
You worshipped Trog.
Trog was most pleased with you.
You were not hungry.

You visited 1 branch You collected 312 gold pieces.

Inventory:

Armour
 a - a +0 animal skin (worn)
Scrolls
 h - a scroll of blinking
Potions
 c - a potion of curing
 e - a potion of haste
 f - 2 potions of magic
 g - a potion of berserk rage
Comestibles
 b - 2 bread rations


   Skills:
 * Level 9.3 Fighting
 * Level 9.5 Dodging
 + Level 0.3 Stealth
 * Level 10.8 Unarmed Combat


You had 7 spell levels left.
You didn't know any spells.

Dungeon Overview and Level Annotations

Branches:
Dungeon (1/1)

Altars:
Cheibriados
Dithmenos
Elyvilon
Fedhas
Gozag
Kikubaaqudgha
Makhleb
Nemelex Xobeh
Okawaru
Qazlal
Ru
Sif Muna
Trog
Vehumet
Xom
Yredelemnul
Zin
The Shining One
Jiyva

Shops:
D (


Innate Abilities, Weirdness & Mutations

You are too large for most types of armour.
You have claws for hands.
Your metabolism is lightning-fast.
You like to eat raw meat.
You heal very quickly.
You are covered in fur (AC +1).
You have very tough skin (AC +2).


Message History

Trog accepts your kill.
Your Fighting skill increases to level 9!
Your Dodging skill increases to level 9!
Your Unarmed Combat skill increases to level 10!
You have reached level 8!
The centaur warrior shoots an arrow.
The arrow barely misses you.
The centaur warrior unwields an uncursed shortbow.
The centaur warrior hits you!
* * * LOW HITPOINT WARNING * * *
You scratch the centaur warrior.
The centaur warrior begins to bleed from its wounds!
You claw the centaur warrior!
The centaur warrior is moderately wounded.
You claw the centaur warrior!
The centaur warrior is heavily wounded.
The centaur warrior hits you but does no damage.
You mangle the centaur warrior!!
The centaur warrior is almost dead.
The centaur warrior hits you.
You die...

###############
..').#..'..#__#
..#..').#..'..+
####'#####'#__####
###..#...#.####!(#
__####..##.#≈≈§.c#
_..__##'#..'≈≈§§@+
_.∩...'..§§#(≈§§§#
_..._##_.#+##+####
_____###+# ######


You could see a centaur warrior (bleeding).

Vanquished Creatures
  A centaur warrior (D)
  A slime creature (D)
  Sigmund (D)
  A yak (D)
  An ogre (D)
  A jelly (D)
  Ijyb (D)
7 creatures vanquished.

Vanquished Creatures (others)
  A gargoyle (D)
1 creature vanquished.

Grand Total: 8 creatures vanquished

Notes
Turn   | Place    | Note
--------------------------------------------------------------
     0 | D        | nuthulu the Troll Berserker began the quest for the Orb.
     0 | D        | Reached XP level 1. HP: 22/22 MP: 0/0
     1 | D        | Noticed Ijyb
    17 | D        | Killed Ijyb
    17 | D        | Reached skill level 4 in Unarmed Combat
    17 | D        | Reached XP level 2. HP: 29/32 MP: 1/1
    25 | D        | Noticed an ogre
    31 | D        | Killed an ogre
    31 | D        | Acquired Trog's second power
    31 | D        | Reached skill level 5 in Fighting
    31 | D        | Reached skill level 5 in Dodging
    31 | D        | Reached skill level 6 in Unarmed Combat
    31 | D        | Reached XP level 3. HP: 15/42 MP: 2/2
    31 | D        | Reached XP level 4. HP: 17/50 MP: 3/3
    97 | D        | Noticed Sigmund
   105 | D        | Killed Sigmund
   105 | D        | Reached skill level 7 in Unarmed Combat
   105 | D        | Reached XP level 5. HP: 47/61 MP: 4/4
   139 | D        | Found a deep blue altar of Sif Muna.
   140 | D        | Noticed a jelly
   141 | D        | Found a radiant altar of Vehumet.
   149 | D        | Killed a jelly
   149 | D        | Reached XP level 6. HP: 50/68 MP: 5/5
   180 | D        | Found Qenn's Antique Weapon Emporium.
   180 | D        | Found a white marble altar of Elyvilon.
   180 | D        | Found a stormy altar of Qazlal.
   180 | D        | Found a basalt altar of Yredelemnul.
   180 | D        | Found an iron altar of Okawaru.
   180 | D        | Found a sparkling altar of Nemelex Xobeh.
   180 | D        | Found a shimmering altar of Xom.
   180 | D        | Found an ancient bone altar of Kikubaaqudgha.
   180 | D        | Noticed a yak
   188 | D        | Killed a gargoyle
   190 | D        | Killed a yak
   190 | D        | Reached skill level 8 in Unarmed Combat
   191 | D        | Found a burning altar of Makhleb.
   191 | D        | Found a sacrificial altar of Ru.
   191 | D        | Found a glowing golden altar of the Shining One.
   191 | D        | Found an opulent altar of Gozag.
   191 | D        | Found a glowing silver altar of Zin.
   220 | D        | Found a bloodstained altar of Trog.
   235 | D        | Found a viscous altar of Jiyva.
   235 | D        | Found a blossoming altar of Fedhas.
   235 | D        | Noticed a slime creature
   236 | D        | Found a snail-covered altar of Cheibriados.
   236 | D        | Found a shadowy altar of Dithmenos.
   242 | D        | Killed a slime creature
   242 | D        | Reached skill level 9 in Unarmed Combat
   242 | D        | Reached XP level 7. HP: 78/80 MP: 6/6
   248 | D        | Noticed a centaur warrior
   249 | D        | Noticed a centaur warrior
   255 | D        | Killed a centaur warrior
   255 | D        | Reached skill level 10 in Unarmed Combat
   255 | D        | Reached XP level 8. HP: 11/92 MP: 7/7
   256 | D        | HP: 1/138 [centaur warrior (10)]
   259 | D        | Slain by a centaur warrior

Vault maps used:
D:        dungeon_sprint_1

Action                   |  1- 3 |  4- 6 |  7- 9 || total
-------------------------+-------+-------+-------++-------
Melee: Unarmed           |    21 |    29 |     5 ||    55
Invok: Berserk           |       |       |     1 ||     1
  Use: Scroll            |       |     1 |       ||     1
       Potion            |       |       |     1 ||     1
  Eat: Chunk             |       |     2 |       ||     2
